 Dungeon Crawl Stone Soup version 0.26-a0-771-g060e6a62af (webtiles) character file.

Game seed: 16213151928845469803

9999 ANON1729 the Cleaver (level 11, -1/111 HPs)
             Began as a Hill Orc Chaos Knight on Nov 8, 2020.
             Was a Plaything of Xom.
             Slain by a freezing wraith (22 damage)
             ... on level 11 of the Dungeon.
             The game lasted 00:19:22 (14760 turns).

ANON1729 the Cleaver (Hill Orc Chaos Knight)       Turns: 14760, Time: 00:19:22

Health: -1/111     AC: 17    Str: 19    XL:     11   Next: 55%
Magic:  11/11      EV: 15    Int: 10    God:    Xom [...*..]
Gold:   1501       SH:  5    Dex: 12    Spells: 10/10 levels left

rFire    . . .     SeeInvis .   a - +0 hand axe (chaos)
rCold    . . .     Faith    .   (no shield)
rNeg     + . .     Spirit   .   V - +0 chain mail "Hymnyn" {Rampage rPois}
rPois    +         Reflect  +   (no helmet)
rElec    .         Harm     .   (no cloak)
rCorr    .         Rampage  +   (no gloves)
MR       .....     Clarity  +   v - +0 pair of boots
Stlth    ..........             C - amulet of reflection
HPRegen  0.28/turn              R - ring of positive energy
MPRegen  0.12/turn              g - +4 ring of evasion

@: about to teleport, slowed, very slow
A: talons 1, icy blue scales 1, iridescent scales 1, agile 1, clarity, dopey 1,
robust 1, screaming 1, MP-powered wands
a: Renounce Religion


You were on level 11 of the Dungeon.
You worshipped Xom.
You were a favourite toy of Xom.
You visited 2 branches of the dungeon, and saw 13 of its levels.

You collected 1501 gold pieces.

Inventory:

Hand Weapons
 a - a +0 hand axe of chaos (weapon)
Missiles
 k - 25 poisoned darts (quivered)
 r - 2 atropa-tipped darts
 t - 3 throwing nets
 E - 8 curare-tipped darts
 J - 3 silver javelins
Armour
 b - the +5 scale mail of Polytheism {Int+4}
   (Xom gifted it to you on level 2 of the Dungeon)

   It affects your intelligence (+4).
 j - a +2 leather armour of fire resistance
 v - a +0 pair of boots (worn)
 K - the +1 ring mail of the Unseen Realm {rC+++ Str-4 Int+6 Dex-5}
   (You found it on level 6 of the Dungeon)

   It affects your strength (-4).
   It affects your intelligence (+6).
   It affects your dexterity (-5).
   It renders you almost immune to cold.
 V - the +0 chain mail "Hymnyn" (worn) {Rampage rPois}
   (You found it on level 9 of the Dungeon)

   It protects you from poison.
   It bestows one free step when moving towards enemies.
Jewellery
 g - a +4 ring of evasion (right hand)
 l - an uncursed ring of resist corrosion
 p - an uncursed amulet of regeneration {unknown}
 C - an amulet of reflection (around neck)
 D - an uncursed ring of fire
 N - a +6 ring of intelligence
 Q - a +6 ring of intelligence
 R - a ring of positive energy (left hand)
 U - an uncursed amulet of magic regeneration {unknown}
Wands
 x - a wand of enslavement (13)
 y - a wand of iceblast (4)
 M - a wand of random effects (15)
 P - a wand of digging (2)
Scrolls
 d - 4 scrolls of enchant weapon
 e - 5 scrolls of remove curse
 f - 2 scrolls of immolation
 m - 4 scrolls of teleportation
 n - a scroll of random uselessness {unknown}
 q - a scroll of magic mapping {unknown}
 u - a scroll of amnesia {unknown}
 w - 2 scrolls of fog
 F - a scroll of blinking {unknown}
 G - 3 scrolls of brand weapon
Potions
 c - 4 potions of curing
 h - a potion of invisibility {unknown}
 i - 4 potions of heal wounds {unknown}
 o - 3 potions of haste
 s - a potion of brilliance {unknown}
 z - 2 potions of flight {unknown}
 A - 2 potions of lignification
 B - 2 potions of might
 H - 3 potions of cancellation
 I - 2 potions of attraction {unknown}
 L - a potion of degeneration {unknown}
 O - a potion of mutation {unknown}


   Skills:
 + Level 10.7 Fighting
 + Level 11.6 Axes
 * Level 11.1 Armour
 + Level 7.1 Dodging


You had 10 spell levels left.
You didn't know any spells.
Your spell library contained the following spells:

 Spells                   Type           Power        Failure   Level
 Confusing Touch          Hex            #.......     100%        3
 Gell's Gravitas          Tloc           #.........   100%        3
 Petrify                  Tmut/Erth      #.......     100%        4
 Metabolic Englaciation   Hex/Ice        #.........   100%        5
 Yara's Violent Unravell  Hex/Tmut       #.........   100%        5


Dungeon Overview and Level Annotations

Branches:
Dungeon (12/15)            Temple (0/1) D:6            Lair (1/6) D:10
    Orc: D:9-12

Altars:
Ashenzari
Cheibriados
Dithmenos
Elyvilon
Fedhas
Gozag
Makhleb
Nemelex Xobeh
Okawaru
Ru
Yredelemnul
Zin
The Shining One
Beogh

Annotations:
D:4 3 runed translucent doors, Queen's ghost, amateur MiBe
D:8 2 transporters
D:11 Snorg


Innate Abilities, Weirdness & Mutations

You have sharp toenails.
You are partially covered in icy blue scales. (AC +2)
You are partially covered in iridescent scales. (AC +2)
You are agile. (Dex +2)
You possess an exceptional clarity of mind.
You are dopey. (Int -2)
You are robust. (+10% HP)
You occasionally shout uncontrollably at your foes.
You expend magic power (3 MP) to strengthen your wands.


Message History

Something unexpectedly blocked you, preventing you from rampaging!
You closely miss something.
Something hits you but does no damage. x2
Something hits you. Something freezes you!
* * * LOW HITPOINT WARNING * * *
Something barely misses you.
Something unexpectedly blocked you, preventing you from rampaging!
You hit something but do no damage. Something hits you but does no damage.
Something hits you.
* * * LOW HITPOINT WARNING * * *
Something hits you but does no damage. x2
As you read the scroll of teleportation, it crumbles to dust.
You feel strangely unstable. Something hits you but does no damage.
Something hits you.
* * * LOW HITPOINT WARNING * * *
Something hits you but does no damage. You block something's attack.
Something hits you.
* * * LOW HITPOINT WARNING * * *
Something freezes you!!
You die... "It was about time."

#........# ########'##
#........# #####.# ####...###
#...[[# ######.### #.#####
#......(.### ####.######
#..........# #.(.......#
#........#.### #.........#
.###§§......#.B.#####.........#
..§#§§......###.@..)[.........#
#§§§§§.....# #######....>....#
###§.§.....# #.........#
#§§......# ###########
##########


You could see a worker ant.

Vanquished Creatures
  Harold (D:9)
  A cyclops (D:9)
  A moth of wrath (D:11)
  An elephant (D:10)
  A gargoyle (D:11)
  A troll (D:11)
  3 wyverns
  Eustachio (D:4)
  2 basilisks (D:10)
  4 yaks (D:10)
  An acid dragon (D:11)
  3 water moccasins
  6 ice beasts
  2 ogres
  6 sky beasts
  A black bear (D:7)
  4 orc warriors
  2 phantoms
  A necrophage (D:8)
  4 centaurs
  An eye of draining (D:8)
  2 big kobolds (D:8)
  10 bullfrogs
  A scorpion (D:6)
  5 killer bees (D:10)
  8 wights
  2 howler monkeys
  2 jellies
  A quasit (D:6)
  5 orc priests
  6 hounds
  3 iron imps (D:7)
  8 orc wizards
  An iguana (D:7)
  8 worker ants
  2 worker ant zombies
  Robin (D:2)
  16 adders
  A howler monkey skeleton (D:7)
  2 shadow imps
  3 white imps
  An ufetubus (D:7)
  An ooze (D:7)
  2 adder zombies
  An adder skeleton (D:3)
  A worm (D:3)
  5 dart slugs
  2 leopard geckos
  41 orcs
  3 ball pythons
  8 bats
  7 giant cockroaches
  13 goblins
  13 hobgoblins
  2 jackals (D:3)
  4 quokkas
  A frilled lizard (D:2)
  A giant cockroach zombie (D:5)
  A jackal skeleton (D:4)
  25 kobolds
  2 leopard gecko zombies (D:6)
  A quokka zombie (D:7)
  9 rats
278 creatures vanquished.

Vanquished Creatures (collateral kills)
  A two-headed ogre (D:8)
  A troll (D:9)
  An orc warrior (D:9)
  A black bear (D:9)
  An orc wizard (D:8)
  An orc (D:8)
6 creatures vanquished.

Vanquished Creatures (others)
  A centaur warrior (D:9)
  A two-headed ogre (D:8)
  An orc warrior (D:9)
  A wyvern skeleton (D:7)
  A jelly (D:9)
  A fungus (D:10)
6 creatures vanquished.

Grand Total: 290 creatures vanquished

Notes
Turn   | Place    | Note
-------+----------+-------------------------------------------
     0 | D:1      | ANON1729 the Hill Orc Chaos Knight began the quest for the
                  | Orb.
     0 | D:1      | Reached XP level 1. HP: 19/19 MP: 1/1
   227 | D:1      | XOM: silly message
   457 | D:1      | Reached skill level 1 in Dodging
   465 | D:1      | Reached XP level 2. HP: 17/27 MP: 2/2
   505 | D:1      | XOM: silly message
  1313 | D:2      | XOM: god gift: bloodstained scale mail {god gift}
  1314 | D:2      | Got a bloodstained scale mail {god gift}
  1325 | D:2      | Identified the +5 scale mail of Polytheism {Int+4} (Xom
                  | gifted it to you on level 2 of the Dungeon)
  1383 | D:2      | Reached XP level 3. HP: 33/33 MP: 3/3
  1435 | D:2      | XOM: 1-stop teleportation journey
  1829 | D:2      | Noticed Robin
  1835 | D:2      | XOM: stat loss: -1 Dex (9/10)
  1840 | D:2      | XOM: summons 2 hostile shadow creatures
  1844 | D:2      | Killed Robin
  1844 | D:2      | Reached XP level 4. HP: 37/40 MP: 4/4
  1972 | D:2      | XOM: 6-stop teleportation journey
  2052 | D:2      | XOM: 1-stop teleportation journey
  2342 | D:2      | XOM: silly message
  2704 | D:3      | Reached skill level 5 in Axes
  2704 | D:3      | Reached XP level 5. HP: 47/47 MP: 5/5
  2802 | D:3      | XOM: god gift: scale mail {god gift}
  3034 | D:3      | Found a white marble altar of Elyvilon.
  3084 | D:3      | XOM: smoke on damage
  3240 | D:3      | XOM: give mutations
  3240 | D:3      | Gained mutation: You have a pair of small horns on your
                  | head. [Xom's grace]
  3240 | D:3      | Gained mutation: You expend magic power (3 MP) to
                  | strengthen your wands. [Xom's grace]
  3240 | D:3      | Gained mutation: You are agile. (Dex +2) [Xom's grace]
  3240 | D:3      | Gained mutation: You are partially covered in iridescent
                  | scales. (AC +2) [Xom's grace]
  3446 | D:3      | Found a sacrificial altar of Ru.
  3577 | D:3      | XOM: cloud trail
  3709 | D:3      | Found a basalt altar of Yredelemnul.
  3878 | D:4      | XOM: confuse monster(s)
  3886 | D:4      | Reached skill level 5 in Fighting
  3886 | D:4      | Reached XP level 6. HP: 56/56 MP: 6/6
  4057 | D:4      | Noticed Eustachio
  4077 | D:4      | XOM: destruction
  4108 | D:4      | XOM: silly message
  4142 | D:4      | Killed Eustachio
  4199 | D:4      | Found a snail-covered altar of Cheibriados.
  4232 | D:4      | Found a runed translucent gate.
  4232 | D:4      | Found a runed translucent gate.
  4236 | D:4      | Found a runed translucent gate.
  4236 | D:4      | Identified the +2 leather armour "Xauzoap" {Int+6}
  4237 | D:4      | Noticed Queen's ghost (amateur MiBe)
  4241 | D:4      | Found a roughly hewn altar of Beogh.
  4622 | D:4      | Found a shadowy altar of Dithmenos.
  4622 | D:4      | Found a glowing silver altar of Zin.
  4710 | D:5      | Entered Level 5 of the Dungeon
  4722 | D:5      | Reached XP level 7. HP: 52/61 MP: 7/7
  4867 | D:5      | XOM: swap monsters
  4920 | D:5      | XOM: silly message
  4924 | D:5      | XOM: cast spell 'Call Canine Familiar'
  5319 | D:5      | Reached skill level 5 in Armour
  5385 | D:5      | XOM: noise
  5386 | D:5      | XOM: enchant monster (good)
  5403 | D:5      | Reached XP level 8. HP: 64/71 MP: 8/8
  5724 | D:5      | XOM: god gift: 746 gold pieces
  6463 | D:6      | XOM: noise
  6521 | D:6      | Found a staircase to the Ecumenical Temple.
  6580 | D:6      | XOM: blink monster(s)
  6758 | D:6      | XOM: potion effect (haste)
  6979 | D:6      | Found a glowing golden altar of the Shining One.
  7165 | D:6      | Got a pitted ring mail
  7192 | D:7      | XOM: divination: detect items
  7223 | D:7      | Identified the +1 ring mail of the Unseen Realm {rC+++
                  | Str-4 Int+6 Dex-5} (You found it on level 6 of the Dungeon)
  7393 | D:7      | Reached XP level 9. HP: 76/79 MP: 9/9
  7441 | D:7      | XOM: potion effect (brilliance)
  7607 | D:7      | XOM: summons 5 friendly demons
  7634 | D:7      | Reached skill level 5 in Dodging
  7918 | D:7      | XOM: polymorph ogre -> quokka
  8184 | D:7      | Found an iron altar of Okawaru.
  8319 | D:7      | XOM: summons 5 hostile demons
  8470 | D:7      | XOM: cleaving
  8493 | D:7      | Found a burning altar of Makhleb.
  8706 | D:7      | XOM: give mutations
  8706 | D:7      | Gained mutation: You have sharp toenails. [Xom's grace]
  8706 | D:7      | Gained mutation: You are robust. (+10% HP) [Xom's grace]
  8706 | D:7      | Gained mutation: You are partially covered in icy blue
                  | scales. (AC +2) [Xom's grace]
  8833 | D:7      | XOM: divine lightning
  9004 | D:8      | Found a transporter.
  9004 | D:8      | Noticed a boulder beetle
  9005 | D:8      | Found a transporter.
  9101 | D:8      | XOM: divination: magic mapping
  9197 | D:8      | XOM: summons 3 friendly demons
  9428 | D:8      | XOM: summons friendly crimson imp
  9522 | D:8      | Found a glowing silver altar of Zin.
  9522 | D:8      | Noticed a two-headed ogre
  9539 | D:8      | XOM: divination: detect items
  9551 | D:8      | XOM: summons 2 friendly demons
  9552 | D:8      | Killed a two-headed ogre
  9552 | D:8      | Reached skill level 10 in Axes
  9552 | D:8      | Reached XP level 10. HP: 56/100 MP: 8/10
  9745 | D:8      | Found a broken altar of Ashenzari.
  9893 | D:8      | XOM: god gift: 6 stones
  9918 | D:8      | Found a blossoming altar of Fedhas.
  9928 | D:8      | XOM: silly message
  9950 | D:8      | XOM: cloud trail
 10120 | D:8      | Noticed a two-headed ogre
 10123 | D:8      | XOM: divination: magic mapping
 10134 | D:8      | Killed a two-headed ogre
 10134 | D:8      | XOM: divine lightning
 10141 | D:8      | XOM: cleaving
 10229 | D:8      | XOM: god gift: 2 metallic pink potions {god gift}
 10448 | D:8      | XOM: scenery: summon butterflies
 10472 | D:8      | Found an opulent altar of Gozag.
 10473 | D:8      | Found a sparkling altar of Nemelex Xobeh.
 10700 | D:8      | XOM: god gift: blue potion {god gift}
 10743 | D:9      | XOM: enchant monster (bad)
 10812 | D:9      | Noticed Harold
 10821 | D:9      | XOM: divination: detect items
 10827 | D:9      | Killed Harold
 11023 | D:9      | XOM: noise
 11064 | D:9      | XOM: noise
 11067 | D:9      | Noticed a centaur warrior
 11070 | D:9      | XOM: enchant monster (bad)
 11077 | D:9      | Killed a centaur warrior
 11077 | D:9      | XOM: divine lightning
 11090 | D:9      | Noticed a cyclops
 11099 | D:9      | XOM: noise
 11102 | D:9      | Killed a cyclops
 11393 | D:9      | Found a blossoming altar of Fedhas.
 11439 | D:9      | Reached skill level 10 in Fighting
 11528 | D:9      | Reached skill level 10 in Armour
 11670 | D:9      | XOM: 3-stop teleportation journey
 11895 | D:9      | Got a fading chain mail
 11908 | D:9      | Identified the cursed +0 chain mail "Hymnyn" {Rampage
                  | rPois} (You found it on level 9 of the Dungeon)
 11937 | D:10     | Entered Level 10 of the Dungeon
 11972 | D:10     | Found a staircase to the Lair.
 11972 | D:10     | Noticed an elephant
 11979 | D:10     | XOM: smoke on damage
 11983 | D:10     | XOM: fake destruction
 11986 | D:10     | Reached XP level 11. HP: 70/107 MP: 11/11
 11995 | D:10     | XOM: repel stairs
 12005 | D:10     | XOM: 1-stop teleportation journey
 12009 | D:10     | XOM: enchant monster (bad)
 12587 | D:10     | Noticed a purple ugly thing
 12590 | D:10     | Noticed a white ugly thing
 12610 | D:10     | Noticed a centaur warrior
 12793 | D:10     | XOM: swap monsters
 13212 | D:10     | XOM: summons 5 hostile demons
 13697 | Lair:1   | Entered Level 1 of the Lair of Beasts
 13697 | Lair:1   | Noticed a seven-headed hydra
 13718 | D:11     | XOM: 1-stop teleportation journey
 13760 | D:11     | XOM: polymorph orc warrior -> water moccasin
 14006 | D:11     | XOM: give mutations
 14006 | D:11     | Gained mutation: You possess an exceptional clarity of
                  | mind. [Xom's mischief]
 14006 | D:11     | Gained mutation: You occasionally shout uncontrollably at
                  | your foes. [Xom's mischief]
 14052 | D:11     | XOM: summons 4 hostile shadow creatures
 14249 | D:10     | XOM: noise
 14254 | D:11     | Noticed a moth of wrath
 14254 | D:11     | a komodo dragon changed into a moth of wrath
 14254 | D:11     | XOM: polymorph komodo dragon -> moth of wrath
 14256 | D:11     | XOM: enchant monster (bad)
 14256 | D:11     | XOM: smoke on damage
 14263 | D:11     | Killed a moth of wrath
 14331 | D:11     | XOM: god gift: 31 gold pieces
 14332 | D:11     | Noticed Snorg
 14340 | D:11     | XOM: divine lightning
 14345 | D:11     | Noticed a cyclops
 14368 | D:12     | Noticed a boulder beetle
 14370 | D:11     | XOM: fog
 14417 | D:11     | XOM: fake destruction
 14433 | D:11     | XOM: swap monsters
 14538 | D:11     | XOM: give mutations
 14538 | D:11     | Gained mutation: You are dopey. (Int -2) [Xom's mischief]
 14538 | D:11     | Lost mutation: You have a pair of small horns on your head.
                  | [Xom's mischief]
 14601 | D:11     | XOM: cloud trail
 14760 | D:11     | Slain by a freezing wraith

Illustrated notes

Levels and vault maps discovered:
D:1:      dpeg_arrival_lava_temple_mockup, layout_loops_corners,
          chequers_serial_rivers_small_b
D:2:      layout_basic, uniq_robin
D:3:      layout_loops_ring, lemuel_coloured_pillars_altar, elyvilon_altar_1,
          nicolae_overflow_hidden_temple
D:4:      layout_basic, gammafunk_temple_overflow_pools,
          biasface_ghost_orc_armoury, minmay_fountain_box, cheibriados_altar_1,
          uniq_eustachio
D:5:      layout_basic
D:6:      layout_gridville, marbit_many_paths, minmay_temple_entry_junction,
          serial_glass, glass_columns_c, glass_columns_b
D:7:      layout_basic, demons_altar, kennysheep_okawaru_gauntlet
D:8:      gammafunk_boulding_lane, layout_basic, grunt_temple_overflow_opulence,
          ashenzari_altar_1, hangedman_feature_mirror, minivault_11
D:9:      minmay_the_grid_octo_2x2 [minmay_the_grid_octo_vomiting_pacman,
          minmay_the_grid_octo_horde, minmay_the_grid_octo_empty,
          minmay_the_grid_octo_prize_square_snowflake], layout_irregular_city,
          fedhas_altar_4, hangedman_decor_growths, uniq_harold
D:10:     layout_layer_cave, david_lair_generic, minivault_12
D:11:     layout_roguey, dk_noncrumbling_2, grunt_decor_fettered, uniq_snorg
D:12:     layout_layer_cave, david_orc_2, basic_altar,
          kennysheep_generic_room_13, uniq_fannar, uniq_nergalle, uniq_erolcha,
          uniq_kirke
Lair:1:   layout_cave_pods, nicolae_volcano_entry_two_sided, roderic_batcave,
          wad_woods_road_02, grunt_megastairs_1

Skill      XL: |  1  2  3  4  5  6  7  8  9 10 11 |
---------------+----------------------------------+-----
Dodging        | 1 2 3 4 5 6 7 |  7.1
Fighting       | 4 5 6 7 9 10 | 10.7
Armour         | 3 4 5 6 8 10 11 | 11.1
Axes           | 5 6 8 10 11 | 11.6

Action                   |  1- 3 |  4- 6 |  7- 9 | 10-12 || total
-------------------------+-------+-------+-------+-------++-------
Melee: Hand axe          |   106 |   270 |   469 |   534 ||  1379
       Headbutt          |       |    25 |    95 |   104 ||   224
Throw: Dart              |       |       |       |     8 ||     8
Evoke: Wand              |       |       |     3 |     5 ||     8
  Use: Scroll            |       |       |       |    17 ||    17
       Potion            |       |       |       |     5 ||     5
 Stab: Confused          |     1 |     1 |       |     1 ||     3
       Paralysed         |       |     1 |     7 |    14 ||    22
       Distracted        |       |       |     1 |       ||     1
       Petrified         |       |       |     6 |     5 ||    11
       Petrifying        |       |       |     5 |     2 ||     7
Armor: Leather armour    |    23 |       |       |       ||    23
       Scale mail        |    25 |    93 |   148 |    59 ||   325
       Chain mail        |       |       |       |    89 ||    89
       Skin              |       |       |       |    34 ||    34
Dodge: Dodged            |    62 |   158 |   266 |   227 ||   713
Block: Other             |       |       |    86 |   101 ||   187
       Reflection        |       |       |     2 |     5 ||     7

Table legend: (Time is in decaauts)
 A = Elapsed time spent in this place.
 B = Non-inter-level travel time spent in this place.
 C = Inter-level travel time spent in this place.
 D = Time resting spent in this place.
 E = Time spent auto-exploring this place.
 F = Levels seen in this place.
 G = Mean time per level.
                   A        B        C        D        E       F      G
               +--------+--------+--------+--------+--------+-----+--------+
         Total |  14574 |  13826 |    748 |   1403 |  10013 |  13 | 1121.1 |
       Dungeon |  14573 |  13825 |    748 |   1403 |  10013 |  12 | 1214.4 |
          Lair |      1 |      1 |      0 |      0 |      0 |   1 |    1.0 |
               +--------+--------+--------+--------+--------+-----+--------+

Top non-repeatable levels by time:
    D:10: 1905 daAuts
     D:8: 1844 daAuts
     D:7: 1687 daAuts
     D:2: 1394 daAuts
     D:1: 1299 daAuts
     D:5: 1293 daAuts
     D:6: 1153 daAuts
     D:9: 1128 daAuts
     D:3: 1088 daAuts
     D:4: 946 daAuts
    D:11: 827 daAuts
    D:12: 4 daAuts
  Lair:1: 1 daAuts
